 Dungeon Crawl Stone Soup version 0.27-a0-1290-g15d3ce7508 (webtiles) character file.

Game seed: 17917985522496728533

67 Delamore the Skirmisher (level 4, -3/37 HPs)
             Began as a Formicid Fighter on June 15, 2021.
             Engulfed by a cloud of flame (17 damage)
             ... on level 1 of the Dungeon.
             The game lasted 00:01:08 (993 turns).

Delamore the Skirmisher (Formicid Fighter)           Turns: 993, Time: 00:01:09

Health: -3/37      AC:  6    Str: 22    XL:     4   Next: 38%
Magic:  4/4        EV:  8    Int:  7    God:
Gold:   12         SH:  9    Dex: 10    Spells: 3/3 levels left

rFire    . . .     SeeInvis +   a - +0 trident
rCold    . . .     Faith    .   c - +0 kite shield
rNeg     . . .     Spirit   .   b - +0 scale mail
rPois    .         Reflect  .   (helmet unavailable)
rElec    .         Harm     .   (no cloak)
rCorr    .         Rampage  .   (no gloves)
Will     .....                  (no boots)
Stlth    ..........             (no amulet)
HPRegen  0.12/turn              (no ring)
MPRegen  0.09/turn              (no ring)

@: no status effects
A: permanent stasis, dig shafts and tunnels, antennae 3, four strong arms
a: Dig, Shaft Self


You were on level 1 of the Dungeon.
You visited 1 branch of the dungeon, and saw 2 of its levels.

You collected 12 gold pieces.

Inventory:

Hand Weapons
 a - a +0 trident (weapon)
Armour
 b - a +0 scale mail (worn)
 c - a +0 kite shield (worn)
Jewellery
 e - a ring of protection from fire
Scrolls
 i - a scroll of teleportation
Potions
 d - a potion of might
 f - a potion of degeneration {unknown}
 g - a potion of flight
 h - a potion of haste


   Skills:
 + Level 4.1 Fighting
 * Level 3.7 Polearms
 - Level 3.2 Armour
 - Level 3.6 Shields


You had 3 spell levels left.
You didn't know any spells.
Your spell library was empty.

Dungeon Overview and Level Annotations

Branches:
Dungeon (2/15)

Altars:


Innate Abilities, Weirdness & Mutations

You cannot be hasted, slowed, berserked, paralysed or teleported.
You can dig through walls and to a lower floor.
You have a pair of large antennae on your head. (SInv)
Your four strong arms can wield two-handed weapons with a shield.


Message History

No target in view!
No target in view!
No target in view!
No target in view!
You see here a rat corpse.
Found 19 arrows.
You sense a monster nearby.
You see here 19 arrows.
A rat comes into view.
Found a scroll labelled FIOGAG VASSUEVAINO.
A rat is nearby!
You reach to attack!
You closely miss the rat. You closely miss the rat.
The rat bites you but does no damage. You block the rat's attack.
You puncture the rat!
You kill the rat!
No target in view!
No target in view!
No target in view!
No target in view!
No target in view!
No target in view!
No target in view!
No target in view!
No target in view!
You see here a rat corpse.
j - a scroll labelled FIOGAG VASSUEVAINO You see here a rat corpse.
A goblin comes into view. It is wielding a +0 dagger.
The goblin shouts!
As you read the scroll labelled FIOGAG VASSUEVAINO, it crumbles to dust.
The creatures around you are filled with an inner flame!
It was a scroll of immolation.
You barely miss the goblin. You block the goblin's attack.
You hit the goblin.
The goblin explodes!
The fiery explosion engulfs you!!
Ouch! That really hurt!
You are engulfed in blazing flames.
You die...

.#.###.#.# #.#
#..# .........#
#.######.#
.#####.###
#.......># #.#
########## #.#
#.# ..# ###
###########
......§@..#
#########.# #.#
#.##############
#...............
#########.....†.
#.#####. #.# #.
#.# #(


There were no monsters in sight!

Vanquished Creatures
  3 gnolls (D:2)
  An adder (D:2)
  A dart slug (D:1)
  3 ball pythons (D:1)
  2 bats (D:1)
  3 endoplasms
  A giant cockroach (D:1)
  3 hobgoblins (D:1)
  A quokka (D:1)
  A frilled lizard (D:1)
  5 goblins
  4 rats (D:1)
28 creatures vanquished.

Notes
Turn   | Place    | Note
-------+----------+-------------------------------------------
     0 | D:1      | Delamore the Formicid Fighter began the quest for the Orb.
     0 | D:1      | Reached XP level 1. HP: 18/18 MP: 1/1
    47 | D:1      | You fall into a shaft and drop 1 floor!
    56 | D:2      | Reached XP level 2. HP: 20/24 MP: 2/2
   127 | D:2      | Reached XP level 3. HP: 15/30 MP: 3/3
   511 | D:1      | Reached skill level 4 in Fighting
   511 | D:1      | Reached XP level 4. HP: 37/37 MP: 4/4
   993 | D:1      | Engulfed by a cloud of flame

Illustrated notes

Levels and vault maps discovered:
D:1:      matt_arrival_refuge, layout_basic
D:2:      cheibrodos_pilgrimage, layout_loops_ring,
          chequers_ecumenical_altar_simple_redux, basic_altar, nrook_uturn

Skill      XL: |  1  2  3 |
---------------+----------+-----
Polearms       | 3 |  3.7
Fighting       | 4 |  4.1
Armour         | |  3.2
Shields        | |  3.6

Action                   |  1- 3 |  4- 6 || total
-------------------------+-------+-------++-------
Melee: Trident           |    33 |    52 ||    85
  Use: Scroll            |       |     4 ||     4
Armor: Scale mail        |     7 |    19 ||    26
Dodge: Dodged            |    10 |    15 ||    25
Block: Kite shield       |     9 |    16 ||    25

Table legend: (Time is in decaauts)
 A = Elapsed time spent in this place.
 B = Non-inter-level travel time spent in this place.
 C = Inter-level travel time spent in this place.
 D = Time resting spent in this place.
 E = Time spent auto-exploring this place.
 F = Levels seen in this place.
 G = Mean time per level.
                   A        B        C        D        E       F      G
               +--------+--------+--------+--------+--------+-----+--------+
         Total |   1020 |   1010 |     10 |     51 |    766 |   2 |  510.0 |
       Dungeon |   1020 |   1010 |     10 |     51 |    766 |   2 |  510.0 |
               +--------+--------+--------+--------+--------+-----+--------+

Top non-repeatable levels by time:
     D:1: 657 daAuts
     D:2: 362 daAuts
